 Dungeon Crawl Stone Soup version 0.20.1-1-g8b1a95d (webtiles) character file.

44 Firecrotchwizard the Chopper (level 3, 0/33 HPs)
             Began as a Hill Orc Monk on Oct 29, 2017.
             Was a Believer of Beogh.
             Slain by Blork the orc
             ... wielding a +0 halberd
              (8 damage)
             ... on level 4 of the Dungeon.
             The game lasted 00:03:03 (1462 turns).

Firecrotchwizard the Chopper (Hill Orc Monk)        Turns: 1462, Time: 00:03:03

Health: 0/33       AC:  5    Str: 13    XL:     3   Next: 62%
Magic:  3/3        EV: 12    Int: 10    God:    Beogh [**....]
Gold:   163        SH:  0    Dex: 14    Spells: 2/2 levels left

rFire    . . .     SeeInvis .   a - +0 hand axe
rCold    . . .     Gourm    .   (no shield)
rNeg     . . .     Faith    .   i - +0 leather armour
rPois    .         Spirit   .   n - +0 helmet
rElec    .         Reflect  .   (no cloak)
rCorr    .         Harm     .   (no gloves)
MR       .....                  (no boots)
Stlth    ++........             (no amulet)
Regen    0.2/turn               j - +1 ring of protection
MPRegen  0.1/turn               (no ring)

@: no status effects
A: no striking features
a: Smiting, Renounce Religion


You were on level 4 of the Dungeon.
You worshipped Beogh.
Beogh was pleased with you.
You were not hungry.

You visited 1 branch of the dungeon, and saw 3 of its levels.

You collected 163 gold pieces.

Inventory:

Hand Weapons
 a - a +0 hand axe (weapon)
Armour
 b - a +0 robe
 i - a +0 leather armour (worn)
   (You found it on level 2 of the Dungeon)
 n - a +0 helmet (worn)
   (You found it on level 2 of the Dungeon)
Jewellery
 j - a +1 ring of protection (left hand)
   (You found it on level 2 of the Dungeon)
Scrolls
 e - a scroll of immolation {unknown}
 g - a scroll of enchant weapon {unknown}
 h - a scroll of magic mapping {unknown}
 k - a scroll of random uselessness {unknown}
 l - a scroll of blinking {unknown}
Potions
 d - 2 potions of degeneration {unknown}
 m - a potion of might {unknown}
Comestibles
 c - a bread ration {@e1}
 f - 3 chunks of flesh {@w0}


   Skills:
 + Level 3.9 Fighting
 + Level 4.5 Axes
 + Level 1.9 Armour
 + Level 2.8 Dodging
 - Level 1.5 Stealth


You had 2 spell levels left.
You didn't know any spells.

Dungeon Overview and Level Annotations

Branches:
Dungeon (2/15)

Altars:

Annotations:
D:4 Blork the orc


Message History

The howler monkey howls!
The howler monkey hits the orc priest.
The giant cockroach bites you but does no damage.
The orc priest barely misses the howler monkey.
An orc comes into view. It is wielding a hand axe.
The orc shouts!
You hit the giant cockroach.
The howler monkey hoots and howls with incredible vigour!
The giant cockroach bites you but does no damage.
The orc priest hits the howler monkey but does no damage.
You hit the giant cockroach.
The howler monkey closely misses the orc priest.
The giant cockroach barely misses you. The giant cockroach bites you.
An adder comes into view.
You take 2 damage, and have 31/33 hp.
The adder hisses angrily.
You hit the giant cockroach.
You kill the giant cockroach!
Beogh accepts your kill.
The orc hits the orc with a hand axe.
The howler monkey hits the orc priest.
The orc priest mumbles some strange prayers to Beogh against the howler monkey.
The howler monkey is smitten.
The howler monkey hoots and howls with incredible vigour!
The orc closely misses the orc.
The teleport trap disappears.
The adder disappears!
The orc priest invokes the aid of Beogh against the howler monkey.
The howler monkey writhes in agony!
The howler monkey dies!
The orc priest looks more experienced.
The orc hits the orc but does no damage.
The orc priest hits the orc with a dagger.
The orc hits the orc priest with a hand axe.
The orc barely misses the orc.
The orc hits the orc but does no damage.
The orc hits the orc.
The orc priest calls upon Beogh to heal the orc.
The orc's wounds heal themselves!
The orc hits the orc with a club.
The orc dies!
A giant cockroach comes into view.
You see here a giant cockroach corpse.
You butcher the giant cockroach corpse.
A leopard gecko comes into view.
You see here 2 chunks of flesh {@w0}.
f - 3 chunks of flesh {@w0} (gained 2) Blork the orc comes into view.
He is wielding a halberd.
Blork the orc shouts!
The orc priest hits the giant cockroach with a dagger.
The giant cockroach bites you.
You take 1 damage, and have 31/33 hp.
The orc priest hits the giant cockroach with a dagger.
The giant cockroach dies!
Blork the orc casts a spell.
Blork the orc seems to speed up.
Things that are here:
a hand axe; a leather armour; an orc corpse Blork the orc closely misses you.
The leopard gecko hisses angrily.
Blork the orc casts a spell at you. The magic dart hits you!
You take 3 damage, and have 28/33 hp.
You hit Blork the orc. Blork the orc completely misses you.
The orc closely misses the leopard gecko.
The orc priest hits the leopard gecko with a dagger.
The leopard gecko barely misses the orc priest.
You hit Blork the orc but do no damage. Blork the orc hits you with a halberd.
The orc hits the leopard gecko with a club.
The leopard gecko dies!
Blork the orc misses you.
You take 2 damage, and have 26/33 hp.
You closely miss Blork the orc. Blork the orc hits you with a halberd.
You take 4 damage, and have 22/33 hp.
You slash Blork the orc!
Blork the orc hits you but does no damage.
A worker ant comes into view.
You hit Blork the orc. Blork the orc closely misses you.
Blork the orc points at you and mumbles some strange words.
The magic dart hits you!
You take 6 damage, and have 17/33 hp.
You hit Blork the orc but do no damage.
You hit the worker ant but do no damage.
The worker ant barely misses you.
Blork the orc looks encouraged for a moment.
The orc barely misses Blork the orc.
You hit Blork the orc. You hit the worker ant.
Blork the orc hits you with a halberd! The worker ant closely misses you.
The orc hits Blork the orc with a club.
The worker ant misses you. Blork the orc completely misses you.
You take 7 damage, and have 10/33 hp.
MASSIVE DAMAGE!!
You hit Blork the orc but do no damage.
You hit the worker ant but do no damage.
Blork the orc hits you with a halberd.
* * * LOW HITPOINT WARNING * * *
The worker ant closely misses you.
You take 2 damage, and have 8/33 hp.
You barely miss Blork the orc. You hit the worker ant.
Blork the orc hits you with a halberd!
You die...
Beogh appreciates Blork the orc's killing of a heretic priest.

#. . #. .# ###.###.###
...... ..# # #...# #?#
.#### #.####.[.#
#.###..(..
#........###.....#.##
#.####.......o#......
...####..$..oo@a....##
#.........†.)........
#######o#####.#####..
#.# #... ..# #####
####


You could see Blork the orc, a worker ant, a neutral orc priest (wandering) and
2 neutral orcs.

Vanquished Creatures
  An adder (D:2)
  2 worms (D:2)
  A dart slug (D:1)
  An orc (D:2)
  3 giant cockroaches
  3 hobgoblins (D:2)
  2 bats
  2 frilled lizards (D:1)
  A goblin (D:1)
  4 kobolds (D:2)
  10 rats
30 creatures vanquished.

Vanquished Creatures (others)
  A howler monkey (D:4)
  A leopard gecko (D:4)
  An orc (D:4)
  A giant cockroach (D:4)
4 creatures vanquished.

Grand Total: 34 creatures vanquished

Notes
Turn   | Place    | Note
-------+----------+-------------------------------------------
     0 | D:1      | Firecrotchwizard the Hill Orc Monk began the quest for the Orb.
     0 | D:1      | Reached XP level 1. HP: 19/19 MP: 1/1
   437 | D:1      | Reached skill level 1 in Armour
   437 | D:1      | Reached XP level 2. HP: 26/27 MP: 2/2
  1033 | D:2      | Reached XP level 3. HP: 27/33 MP: 3/3
  1432 | D:2      | You fall through a shaft for 2 floors!
  1438 | D:4      | Became a worshipper of Beogh the Brigand
  1438 | D:4      | Reached * piety under Beogh
  1438 | D:4      | Reached ** piety under Beogh
  1449 | D:4      | Noticed Blork the orc
  1461 | D:4      | HP: 8/33 [Blork the orc/halberd (2)]
  1462 | D:4      | Slain by Blork the orc

Skill      XL: |  1 |
---------------+----+-----
Armour         | 1 |  1.9
Fighting       | |  3.9
Axes           | |  4.5
Dodging        | |  2.8
Stealth        | |  1.5

Action                   || total
-------------------------++-------
Melee: Hand axe          ||   112
Invok: Convert to Beogh  ||     1
 Stab: Sleeping          ||     4
  Eat: Chunk             ||     2
Armor: Robe              ||     9
       Leather armour    ||    21
Dodge: Dodged            ||    87

Vault maps used:
D:1:      dpeg_arrival_lava_temple_mockup, minmay_rat_gold_closets
D:4:      first_bread, uniq_blork_the_orc

Table legend:
 A = Turns spent in this place as a percentage of turns spent in the entire game.
 B = Non-inter-level travel turns spent in this place as a percentage of non-inter-level travel turns spent in the entire game.
 C = Inter-level travel turns spent in this place as a percentage of turns spent in this place.
 D = Turns resting spent in this place as a percentage of non-inter-level travel turns spent in this place.
 E = Turns spent auto-exploring this place as a percentage of non-inter-level travel turns spent in this place.
 F = Non-inter-level travel turns spent in this place divided by the number of levels of this place that you've seen.
                   A       B       C       D       E      F
               +-------+-------+-------+-------+-------+----------------------
         Total | 100.0 | 100.0 |   0.3 |   3.0 |  10.7 | 122.0
       Dungeon | 100.0 | 100.0 |   0.3 |   3.0 |  10.7 | 122.0
               +-------+-------+-------+-------+-------+----------------------

Table legend:
 A = Kills in this place as a percentage of kills in entire the game.
 B = Kills by you in this place as a percentage of kills by you in the entire game.
 C = Kills by friends in this place as a percentage of kills by friends in the entire game.
 D = Other kills in this place as a percentage of other kills in the entire game.
 E = Experience gained in this place as a percentage of experience gained in the entire game.
 F = Experience gained in this place divided by the number of levels of this place that you have seen.
                   A       B       C       D       E      F
               +-------+-------+-------+-------+-------+----------------------
         Total | 100.0 | 100.0 |  -nan |  -nan | 100.0 |  21.3
       Dungeon | 100.0 | 100.0 |  -nan |  -nan | 100.0 |  21.3
               +-------+-------+-------+-------+-------+----------------------
